 Dungeon Crawl Stone Soup version 0.19.1 (webtiles) character file.

5793 dajomu the Carver (level 10, -7/86 HPs)
             Began as a Minotaur Fighter on Dec 14, 2016.
             Was a Priest of Makhleb.
             Mangled by an 11-headed hydra (12 damage)
             ... on level 1 of the Lair of Beasts.
             The game lasted 01:00:41 (8036 turns).

dajomu the Carver (Minotaur Fighter)                Turns: 8036, Time: 01:00:43

Health: -7/86      AC: 10    Str: 27    XL:     10   Next: 50%
Magic:  9/9        EV: 17    Int:  6    God:    Makhleb [***...]
Gold:   399        SH: 12    Dex: 12    Spells: 0 memorised, 9 levels left

rFire  . . .     SeeInvis .     u - +0 falchion (drain)
rCold  . . .     Gourm    .     b - +1 scale mail
rNeg   . . .     Faith    .     c - +0 shield (curse)
rPois  .         Spirit   .     (helmet restricted)
rElec  .         Reflect  .     (no cloak)
rCorr  .         Harm     .     o - +0 pair of gloves
MR     +....                    (no boots)
Stlth  +.........               G - amulet of rage
                                j - +6 ring of strength
                                k - +5 ring of evasion

@: no status effects
A: retaliatory headbutt, horns 2, magic resistance 1
a: Minor Destruction, Lesser Servant of Makhleb, Renounce Religion, Evoke
Berserk Rage


You were on level 1 of the Lair of Beasts.
You worshipped Makhleb.
Makhleb was most pleased with you.
You were not hungry.

You visited 2 branches of the dungeon, and saw 9 of its levels.

You collected 504 gold pieces.
You spent 105 gold pieces at shops.

Inventory:

Hand Weapons
 u - a +0 falchion of draining (weapon)
 M - a +0 blowgun
Missiles
 y - 18 poisoned needles
Armour
 a - a +0 plate armour
 b - a +1 scale mail (worn)
 c - a cursed +0 shield (worn)
 o - a +0 pair of gloves (worn)
 t - a cursed -1 leather armour
Jewellery
 e - a cursed ring of positive energy
 j - a +6 ring of strength (right hand)
 k - a +5 ring of evasion (left hand)
 p - a cursed ring of protection from fire
 z - a cursed ring of flight
 G - an amulet of rage (around neck)
Wands
 g - a wand of slowing (45/48)
 l - a wand of random effects (31/48)
 P - a wand of flame (38/48)
 T - a wand of flame (26/48)
Scrolls
 n - 3 scrolls of enchant weapon
 r - 2 scrolls of remove curse
 w - a scroll of recharging
 x - 3 scrolls of blinking
 D - 3 scrolls of fear
 I - 3 scrolls of magic mapping
 J - a scroll of amnesia
Potions
 d - 5 potions of might
 h - 2 potions of cancellation
 i - 5 potions of lignification
 m - 3 potions of resistance
 q - 3 potions of brilliance
 s - 3 potions of curing
 v - a potion of heal wounds
 E - a potion of ambrosia
Comestibles
 f - 4 bread rations
 A - a beef jerky
 B - 2 meat rations
 V - a slice of pizza


   Skills:
 + Level 7.0 Fighting
 + Level 10.5 Long Blades
 + Level 9.3 Armour
 + Level 5.4 Dodging
 + Level 2.1 Stealth
 + Level 10.3 Shields


You had 9 spell levels left.
You didn't know any spells.

Dungeon Overview and Level Annotations

Branches:
Dungeon (8/15)             Temple (0/1) D:7            Lair (1/6) D:8

Altars:
Cheibriados
Dithmenos
Elyvilon
Hepliaklqana
Makhleb
Nemelex Xobeh
Okawaru
Qazlal
Trog
Uskayaw
Xom
Yredelemnul
The Shining One

Shops:
D:4 ?


Innate Abilities, Weirdness & Mutations

You reflexively headbutt those who attack you in melee.
You have a pair of horns on your head.
You are resistant to hostile enchantments. (MR+)


Message History

You block the ten-headed hydra's attack. x2
The ten-headed hydra bites you.
* * * LOW HITPOINT WARNING * * *
You block the ten-headed hydra's attack.
The ten-headed hydra bites you but does no damage. x2
The ten-headed hydra closely misses you.
The ten-headed hydra bites you but does no damage.
Unknown command.
You hack one of the ten-headed hydra's heads off!
The nine-headed hydra grows two more!
You hit the 11-headed hydra. You headbutt the 11-headed hydra.
The 11-headed hydra is moderately wounded.
You hit the 11-headed hydra. You headbutt the 11-headed hydra.
The 11-headed hydra is moderately wounded.
The 11-headed hydra bites you!
* * * LOW HITPOINT WARNING * * *
You block the 11-headed hydra's attack. The 11-headed hydra barely misses you.
The 11-headed hydra completely misses you.
The 11-headed hydra bites you!
You die...

... #.. #..
#####..#######
#.......##.#.####
#...............##
#................#
#.....D@..<....!#
#.....%.........#
#...............#
#...............#
########........P#
#.........#
#....!...##
#........#


You could see a 11-headed hydra.

Vanquished Creatures
  Gastronok (D:8)
  An elephant (D:8)
  A two-headed ogre (D:8)
  2 hippogriffs (D:8)
  Eustachio (D:6)
  A yak (D:8)
  A wyvern (D:8)
  2 phantoms
  2 orc warriors (D:8)
  2 ice beasts
  A sky beast (D:5)
  An ogre (D:8)
  3 centaurs
  2 crocodiles (D:8)
  A big kobold (D:7)
  3 bullfrogs
  A gnoll sergeant (D:5)
  3 scorpions
  5 howler monkeys
  A crimson imp (D:7)
  A quasit (D:8)
  3 hounds
  4 jellies
  6 orc priests
  4 orc wizards
  An iguana (D:8)
  7 worker ants
  A hound zombie (D:8)
  A hound skeleton (D:4)
  2 worker ant zombies (D:8)
  9 adders
  10 gnolls
  A river rat (D:6)
  A shadow imp (D:8)
  2 oozes (D:2)
  An adder skeleton (D:8)
  2 adder zombies
  5 worms
  A dart slug (D:3)
  7 leopard geckos
  27 orcs
  3 ball pythons
  5 bats
  10 giant cockroaches
  4 goblins
  7 hobgoblins
  6 jackals
  11 kobolds
  6 quokkas
  7 frilled lizards
  16 rats
206 creatures vanquished.

Notes
Turn   | Place    | Note
-------+----------+-------------------------------------------
     0 | D:1      | dajomu the Minotaur Fighter began the quest for the Orb.
     0 | D:1      | Reached XP level 1. HP: 19/19 MP: 0/0
   181 | D:1      | Reached XP level 2. HP: 20/27 MP: 1/1
   750 | D:2      | Reached XP level 3. HP: 31/33 MP: 2/2
   772 | D:2      | Reached XP level 4. HP: 39/40 MP: 3/3
  1092 | D:2      | Reached skill level 1 in Dodging
  1617 | D:3      | Found a snail-covered altar of Cheibriados.
  1701 | D:3      | Became a worshipper of Cheibriados the Contemplative
  1713 | D:3      | Reached XP level 5. HP: 46/46 MP: 4/4
  1747 | D:3      | Found a burning altar of Makhleb.
  1767 | D:3      | Fell from the grace of Cheibriados
  1767 | D:3      | Became a worshipper of Makhleb the Destroyer
  1842 | D:3      | Found a sparkling altar of Nemelex Xobeh.
  2054 | D:3      | Found a glowing golden altar of the Shining One.
  2574 | D:4      | Reached skill level 5 in Shields
  2574 | D:4      | Reached XP level 6. HP: 51/52 MP: 5/5
  3266 | D:4      | Found a bloodstained altar of Trog.
  3266 | D:4      | Found an iron altar of Okawaru.
  3308 | D:4      | Found Retzeunoawn's Magic Scroll Shop.
  3325 | D:4      | Bought a scroll of remove curse for 30 gold pieces
  3325 | D:4      | Bought a scroll of enchant weapon for 75 gold pieces
  3386 | D:5      | Entered Level 5 of the Dungeon
  3505 | D:5      | Reached skill level 5 in Armour
  3573 | D:5      | Noticed a sky beast
  3585 | D:5      | Killed a sky beast
  3585 | D:5      | Reached skill level 5 in Long Blades
  3754 | D:5      | Identified the Almanac of the Cankerous Mountains
  3896 | D:5      | Found a stormy altar of Qazlal.
  3948 | D:5      | Reached XP level 7. HP: 36/60 MP: 6/6
  4226 | D:5      | Reached * piety under Makhleb
  4487 | D:5      | Reached skill level 1 in Stealth
  4679 | D:5      | Reached skill level 5 in Fighting
  4721 | D:5      | Gained mutation: You are resistant to hostile enchantments. (MR+) [potion of beneficial mutation]
  4892 | D:6      | Noticed Eustachio
  4928 | D:6      | Killed Eustachio
  4928 | D:6      | Reached XP level 8. HP: 48/68 MP: 7/7
  5789 | D:7      | Reached ** piety under Makhleb
  6196 | D:7      | Found a shimmering altar of Xom.
  6201 | D:7      | Found a hazy altar of Hepliaklqana.
  6210 | D:7      | Noticed a spectral ugly thing
  6244 | D:7      | Found a staircase to the Ecumenical Temple.
  6442 | D:7      | Found a shadowy altar of Dithmenos.
  6775 | D:8      | Reached XP level 9. HP: 74/74 MP: 8/8
  6785 | D:8      | Was forgiven by Cheibriados
  6924 | D:8      | Noticed Gastronok
  6939 | D:8      | Killed Gastronok
  6939 | D:8      | Reached skill level 5 in Dodging
  7036 | D:8      | Noticed an elephant
  7064 | D:8      | Killed an elephant
  7064 | D:8      | Reached XP level 10. HP: 64/83 MP: 9/9
  7104 | D:8      | Found a staircase to the Lair.
  7128 | D:8      | Found a hide-covered altar of Uskayaw.
  7128 | D:8      | Found a basalt altar of Yredelemnul.
  7225 | D:8      | Reached skill level 10 in Long Blades
  7326 | D:8      | Reached skill level 10 in Shields
  7352 | D:8      | Reached *** piety under Makhleb
  7355 | D:8      | Got a twisted flail {elec}
  7700 | D:8      | Found a white marble altar of Elyvilon.
  8025 | Lair:1   | Entered Level 1 of the Lair of Beasts
  8026 | Lair:1   | Noticed an eight-headed hydra
  8036 | Lair:1   | Mangled by an 11-headed hydra

Skill      XL: |  1  2  3  4  5  6  7  8  9 10 |
---------------+-------------------------------+-----
Fighting       | 4 5 6 7 |  7.0
Shields        | 4 5 6 8 9 10 | 10.3
Long Blades    | 3 4 5 6 7 9 10 | 10.5
Armour         | 4 5 6 7 8 9 |  9.3
Dodging        | 1 2 3 4 5 |  5.4
Stealth        | 1 2 |  2.1

Action                   |  1- 3 |  4- 6 |  7- 9 | 10-12 || total
-------------------------+-------+-------+-------+-------++-------
Melee: Long sword        |    52 |   161 |    81 |       ||   294
       Headbutt          |    11 |    36 |    51 |    48 ||   146
       Falchion          |       |       |   175 |   134 ||   309
Evoke: Wand              |       |       |       |     2 ||     2
  Use: Scroll            |       |    14 |    10 |     4 ||    28
       Potion            |       |       |     5 |       ||     5
  Eat: Meat ration       |       |     2 |       |       ||     2
       Beef jerky        |       |     1 |     2 |       ||     3
       Bread ration      |       |       |     3 |       ||     3
Armor: Scale mail        |    21 |    56 |    66 |    24 ||   167
Dodge: Dodged            |    21 |   109 |   143 |    88 ||   361
Block: Shield            |    35 |   111 |   164 |    95 ||   405
       Rpst.: Long sword |     5 |    26 |    20 |       ||    51
       Falchion          |       |       |    23 |    17 ||    40
